 Dungeon Crawl Stone Soup version 0.23.2-1-ga50397a (webtiles) character file.

Game seed: 1239254679216039436

1517 diana the Chopper (level 8, -15/71 HPs)
             Began as a Minotaur Gladiator on May 25, 2019.
             Was a Believer of Makhleb.
             Demolished by an orc warrior
             ... wielding a +0 war axe
              (17 damage)
             ... while paralysed by a hornet
             ... on level 8 of the Dungeon.
             The game lasted 00:07:08 (5871 turns).

diana the Chopper (Minotaur Gladiator)              Turns: 5871, Time: 00:07:10

Health: -15/71     AC: 10    Str: 26    XL:     8   Next: 54%
Magic:  7/7        EV:  2    Int:  5    God:    Makhleb [**....]
Gold:   312        SH:  0    Dex: 16    Spells: 7/7 levels left

rFire    . . .     SeeInvis .   a - +0 war axe
rCold    . . .     Gourm    .   q - +0 shield (curse)
rNeg     . . .     Faith    .   y - +2 robe of Pahilemi {Str+4}
rPois    .         Spirit   .   (helmet restricted)
rElec    .         Reflect  .   u - scarf {cloud immunity}
rCorr    .         Harm     .   c - +0 pair of gloves
MR       .....                  (no boots)
Stlth    +.........             (no amulet)
HPRegen  0.21/turn              w - +5 ring of dexterity
MPRegen  0.10/turn              x - +5 ring of protection

@: paralysed, lethally poisoned (-15 -> -22), slowed
A: retaliatory headbutt, horns 2
a: Minor Destruction, Renounce Religion


You were on level 8 of the Dungeon.
You worshipped Makhleb.
Makhleb was pleased with you.
You were near starving.

You visited 2 branches of the dungeon, and saw 9 of its levels.

You collected 312 gold pieces.

Inventory:

Hand Weapons
 a - a +0 war axe (weapon)
Missiles
 d - 3 throwing nets (quivered)
Armour
 c - a +0 pair of gloves (worn)
 q - a cursed +0 shield (worn)
 u - a scarf of cloud immunity (worn)
 y - the +2 robe of Pahilemi (worn) {Str+4}
   (You found it on level 4 of the Dungeon)

   It affects your strength (+4).
Jewellery
 w - a +5 ring of dexterity (left hand)
 x - a +5 ring of protection (right hand)
 D - a +2 ring of dexterity
Wands
 l - a wand of iceblast (19)
 t - a wand of digging (7)
 F - a wand of enslavement (2)
Scrolls
 b - a scroll of torment {unknown}
 e - 8 scrolls of remove curse {unknown}
 i - 8 scrolls of identify {unknown}
 m - 2 scrolls of fog {unknown}
 o - 4 scrolls of teleportation {unknown}
 p - a scroll of magic mapping {unknown}
 r - 2 scrolls of enchant weapon {unknown}
 A - a scroll of holy word {unknown}
Potions
 g - 4 potions of heal wounds {unknown}
 h - a potion of lignification {unknown}
 j - a potion of ambrosia {unknown}
 k - 3 potions of haste {unknown}
 n - 4 potions of flight {unknown}
 s - a potion of degeneration {unknown}
 v - 3 potions of invisibility {unknown}
 z - a potion of might {unknown}
 B - a potion of curing {unknown}
 C - a potion of brilliance {unknown}
 E - a potion of magic {unknown}
 G - a potion of resistance {unknown}
Comestibles
 f - 13 rations


   Skills:
 + Level 6.8 Fighting
 + Level 7.4 Axes
 - Level 2.0 Throwing
 + Level 6.2 Armour
 + Level 6.7 Dodging


You had 7 spell levels left.
You didn't know any spells.
Your spell library was empty.

Dungeon Overview and Level Annotations

Branches:
Dungeon (8/15)             Temple (1/1) D:5
   Lair: D:8-11

Altars:
Ashenzari
Cheibriados
Dithmenos
Fedhas
Hepliaklqana
Kikubaaqudgha
Makhleb
Nemelex Xobeh
Okawaru
Uskayaw
Vehumet
Wu Jian
Zin
The Shining One

Annotations:
D:7 3 runed translucent doors, Labyrinth's ghost, novice MiAK


Innate Abilities, Weirdness & Mutations

You reflexively headbutt those who attack you in melee.
You have a pair of horns on your head.


Message History

You hit the orc warrior but do no damage.
The hornet closely misses you.
The orc priest invokes the aid of Beogh against you.
Beogh smites you! You block the orc warrior's attack.
You block the hornet's attack.
You closely miss the hornet. Your headbutt misses the hornet.
The hornet is almost dead.
You hit the orc warrior but do no damage.
You block the hornet's attack. The orc warrior closely misses you.
You furiously retaliate!
You headbutt the orc warrior. The hornet stings you.
You suddenly lose the ability to move!
You feel sick. The hornet barely misses you.
The orc warrior hits you with a +0 war axe!!
* * * LOW HITPOINT WARNING * * *
The hornet stings you!
* * * LOW HITPOINT WARNING * * *
You are lethally poisoned!
You feel yourself slow down.
The orc warrior hits you with a +0 war axe!
You die...

############
#...@oo....#
#.###yo....#
#.# ......#
#.# .......
#.# ..)....
######.#
.......
#<.....#
.......
########
##.....


You could see a hornet, an orc warrior, an orc priest and an orc.

Vanquished Creatures
  An orc warrior (D:7)
  A necrophage (D:5)
  An ogre (D:7)
  4 bullfrogs
  2 scorpions (D:7)
  A bullfrog zombie (D:5)
  A centaur zombie (D:7)
  2 hounds
  5 orc wizards
  3 orc priests
  A bullfrog skeleton (D:5)
  A centaur skeleton (D:7)
  3 iguanas
  4 worker ants
  A hound zombie (D:7)
  A worker ant zombie (D:5)
  4 gnolls (D:5)
  9 adders
  An ooze (D:5)
  An adder zombie (D:6)
  6 worms
  7 dart slugs
  5 leopard geckos
  39 orcs
  3 ball pythons
  5 bats
  2 giant cockroaches
  6 goblins
  6 hobgoblins
  4 jackals (D:5)
  4 quokkas
  3 frilled lizards
  6 kobolds
  A leopard gecko zombie (D:4)
  4 rats
148 creatures vanquished.

Notes
Turn   | Place    | Note
-------+----------+-------------------------------------------
     0 | D:1      | diana the Minotaur Gladiator began the quest for the Orb.
     0 | D:1      | Reached XP level 1. HP: 18/18 MP: 0/0
   155 | D:1      | Reached XP level 2. HP: 25/25 MP: 1/1
   355 | D:1      | Reached skill level 1 in Armour
   527 | D:2      | Reached skill level 4 in Axes
   545 | D:2      | Reached XP level 3. HP: 26/31 MP: 2/2
  1435 | D:3      | Reached XP level 4. HP: 33/38 MP: 3/3
  1832 | D:3      | Reached XP level 5. HP: 32/46 MP: 4/4
  2099 | D:3      | Reached skill level 5 in Axes
  2607 | D:4      | Reached XP level 6. HP: 38/52 MP: 5/5
  2613 | D:4      | Got a shimmering robe
  2624 | D:4      | Identified the +2 robe of Pahilemi {Str+4} (You found it on
                  | level 4 of the Dungeon)
  3126 | D:5      | Entered Level 5 of the Dungeon
  3136 | D:5      | Found a staircase to the Ecumenical Temple.
  3160 | Temple   | Entered the Ecumenical Temple
  3274 | Temple   | Became a worshipper of Makhleb the Destroyer
  3301 | D:5      | Reached skill level 5 in Dodging
  3376 | D:5      | Found a hazy altar of Hepliaklqana.
  3482 | D:5      | Reached skill level 5 in Fighting
  3482 | D:5      | Reached XP level 7. HP: 61/61 MP: 6/6
  3699 | D:5      | Reached skill level 6 in Axes
  3786 | D:5      | Found an iron altar of Okawaru.
  4388 | D:6      | Reached skill level 5 in Armour
  4434 | D:6      | Reached * piety under Makhleb
  4888 | D:7      | Reached XP level 8. HP: 66/70 MP: 7/7
  4921 | D:7      | Noticed Labyrinth's ghost (novice MiAK)
  4950 | D:7      | Found a runed translucent gate.
  4950 | D:7      | Found a runed translucent gate.
  4950 | D:7      | Found a runed translucent gate.
  5054 | D:7      | Reached skill level 7 in Axes
  5170 | D:7      | Reached ** piety under Makhleb
  5859 | D:8      | Noticed a hornet
  5869 | D:8      | Paralysed by a hornet for 3 turns
  5871 | D:8      | HP: 2/71 [hornet (10)]
  5871 | D:8      | Demolished by an orc warrior

Skill      XL: |  1  2  3  4  5  6  7  8 |
---------------+-------------------------+-----
Armour         | 1 2 3 4 5 6 |  6.2
Axes           | 4 5 6 7 |  7.4
Fighting       | 3 4 5 6 |  6.8
Dodging        | 4 5 6 |  6.7
Throwing       | |  2.0

Action                   |  1- 3 |  4- 6 |  7- 9 || total
-------------------------+-------+-------+-------++-------
Melee: War axe           |    74 |   125 |   143 ||   342
       Headbutt          |     9 |    23 |    41 ||    73
 Stab: Sleeping          |       |       |     1 ||     1
  Eat: Chunk             |       |     8 |     6 ||    14
Armor: Leather armour    |    13 |    19 |       ||    32
       Robe              |       |     8 |    36 ||    44
Dodge: Dodged            |    52 |    84 |    86 ||   222
Block: Shield            |       |       |    60 ||    60
